 Dungeon Crawl Stone Soup version 0.25-a0-1073-gf4359a17dd (webtiles) character file.

Game seed: 14416272582280424967, levelgen mode: deterministic

273 Flugslaktarn the Chopper (level 6, 0/32 HPs)
             Began as a Vine Stalker Fighter on May 14, 2020.
             Slain by a gnoll
             ... wielding a +0 halberd
              (5 damage)
             ... on level 3 of the Dungeon.
             The game lasted 00:01:05 (2241 turns).

Flugslaktarn the Chopper (Vine Stalker Fighter)     Turns: 2241, Time: 00:01:06

Health: 0/32       AC:  6    Str: 20    XL:     6   Next: 24%
Magic:  0/7        EV:  7    Int:  8    God:
Gold:   131        SH:  8    Dex: 14    Spells: 5/5 levels left

rFire    . . .     SeeInvis .   a - +0 war axe
rCold    . . .     Gourm    .   c - +0 kite shield
rNeg     . . .     Faith    +   b - +0 scale mail
rPois    .         Spirit   +   (no helmet)
rElec    .         Reflect  .   w - scarf {harm}
rCorr    .         Harm     .   (no gloves)
MR       .....                  (no boots)
Stlth    ..........             g - amulet of faith
HPRegen  0.50/turn              (no ring)
MPRegen  0.10/turn              (no ring)

@: heavily drained
A: fangs 2, regeneration 1, magic shield, antimagic bite, no potion heal 3, rot
immunity
a: no special abilities


You were on level 3 of the Dungeon.
You were not hungry.

You visited 1 branch of the dungeon, and saw 3 of its levels.

You collected 131 gold pieces.

Inventory:

Hand Weapons
 a - a +0 war axe (weapon)
Armour
 b - a +0 scale mail (worn)
 c - a +0 kite shield (worn)
 w - a scarf of harm (worn)
   (You found it on level 3 of the Dungeon)
Jewellery
 g - an amulet of faith (around neck)
   (You found it on level 1 of the Dungeon)
 m - a cursed ring of teleportation {unknown}
   (You found it on level 1 of the Dungeon)
Scrolls
 h - 3 scrolls of remove curse {unknown}
 i - 2 scrolls of enchant weapon {unknown}
 k - 5 scrolls of teleportation {unknown}
 l - 2 scrolls of enchant armour {unknown}
 n - 6 scrolls of identify {unknown}
 o - a scroll of blinking {unknown}
 q - a scroll of random uselessness {unknown}
 s - 2 scrolls of amnesia {unknown}
 u - a scroll of immolation {unknown}
 v - a scroll of fog {unknown}
Potions
 d - a potion of might
 f - a potion of invisibility {unknown}
 j - a potion of degeneration {unknown}
 p - a potion of flight {unknown}
 r - 3 potions of cancellation {unknown}
Comestibles
 e - 6 rations
 t - 2 chunks of flesh


   Skills:
 + Level 3.6(2.0) Fighting
 * Level 3.9(2.3) Axes
 + Level 3.2(1.6) Armour
 + Level 3.5(1.9) Shields


You had 5 spell levels left.
You didn't know any spells.
Your spell library was empty.

Dungeon Overview and Level Annotations

Branches:
Dungeon (3/15)

Altars:
Fedhas
Kikubaaqudgha
Sif Muna


Innate Abilities, Weirdness & Mutations

You have extremely sharp teeth.
Your natural rate of healing is unusually fast.
When hurt, damage is shared between your health and your magic reserves.
Your bite disrupts and absorbs the magic of your enemies.
Potions cannot restore your health.
You are immune to rotting.


Message History

The gnoll hits you but does no damage. You block the gnoll's attack.
You slash the gnoll!
You kill the gnoll!
You block the hobgoblin's attack.
You slash the hobgoblin!
You kill the hobgoblin!
You block the gnoll's attack.
Some of the chunks of flesh in your inventory have rotted away.
The gnoll barely misses you.
There is an open door, spattered with blood here.
Things that are here:
a +0 club; a +0 whip; a hobgoblin corpse You hit the gnoll but do no damage.
Your bite misses the gnoll.
The gnoll is moderately wounded.
The gnoll hits you with a +0 halberd. The gnoll hits you with a +0 halberd!
* * * LOW HITPOINT WARNING * * *
You are too injured to fight recklessly!
You are too injured to fight recklessly!
The gnoll hits you from afar with a +0 halberd.
You die...

###### #.##.#.#.# #....#
###########.##..#.⌠.
######....##
#...........##.#.#.#
.....#...(.#
#.........#####.⌠.#.
.....#(....###.........#
##.#.#.#
..>.)''..÷.'.K....)....#
#.⌠.#.⌠.
...%†##....###g........#
##.#.#.# ..... #.####
#.........# #.#.⌠.#. .....
#.### #..@......# ##.#.#.#
..... #.....####..######
#.⌠.#... .....
###.......#.#########.#.⌠.⌠
.....
.......#..##....###..._.
##...
<......'...+[.....##.⌠.⌠
.......##..#..... #####
...#######.#...# ###
#........# #....(...#


You could see a gnoll and a kobold.

Vanquished Creatures
  A big kobold (D:3)
  A vampire bat (D:3)
  2 gnolls (D:3)
  7 adders
  3 worms (D:2)
  A dart slug (D:3)
  2 leopard geckos
  An orc (D:3)
  A ball python (D:1)
  3 bat skeletons (D:3)
  3 bat zombies (D:3)
  3 giant cockroaches
  2 goblins
  10 hobgoblins
  16 kobolds
  A quokka (D:2)
  7 bats
  3 frilled lizards
  7 rats
74 creatures vanquished.

Notes
Turn   | Place    | Note
-------+----------+-------------------------------------------
     0 | D:1      | Flugslaktarn the Vine Stalker Fighter began the quest for
                  | the Orb.
     0 | D:1      | Reached XP level 1. HP: 11/11 MP: 2/2
    66 | D:1      | Reached XP level 2. HP: 13/16 MP: 3/3
   731 | D:2      | Reached XP level 3. HP: 19/19 MP: 4/4
  1020 | D:2      | Found a shimmering blue altar of Sif Muna.
  1231 | D:2      | Gained mutation: Your natural rate of healing is unusually
                  | fast. [Vine Stalker growth]
  1231 | D:2      | Reached XP level 4. HP: 23/24 MP: 3/5
  1459 | D:2      | Found a blossoming altar of Fedhas.
  1789 | D:3      | Noticed a big kobold
  1813 | D:3      | Killed a big kobold
  1813 | D:3      | Reached XP level 5. HP: 13/28 MP: 6/6
  2143 | D:3      | Found an ancient bone altar of Kikubaaqudgha.
  2161 | D:3      | Reached XP level 6. HP: 32/32 MP: 7/7
  2241 | D:3      | Slain by a gnoll

Illustrated notes

Levels and vault maps discovered:
D:1:      eino_arrival_druids_welcome, layout_basic, serial_bayou_pond_d
D:2:      layout_loops_ring, led_sif_pool, fedhas_altar_fruit_tree
D:3:      cheibrodos_thug_alley, layout_basic, kennysheep_vampire_church,
          first_ration

Skill      XL: |  1  2  3  4 |
---------------+-------------+-----
Axes           | 2 3 |  3.9
Fighting       | 3 |  3.6
Shields        | 3 |  3.5
Armour         | 3 |  3.2

Action                   |  1- 3 |  4- 6 || total
-------------------------+-------+-------++-------
Melee: War axe           |    86 |   101 ||   187
       Bite              |    17 |    26 ||    43
  Eat: Chunk             |     1 |     4 ||     5
Armor: Scale mail        |    31 |    57 ||    88
Dodge: Dodged            |    26 |    35 ||    61
Block: Kite shield       |    38 |    48 ||    86

Table legend:
 A = Non-vault XP
 B = Vault XP
 C = Vault XP percentage of total XP
 D = Non-vault monster count
 E = Vault monster count
 F = Vault count percentage of total count
                 A         B        C        D         E       F
            +---------+---------+-------+---------+---------+-------
      Total |     208 |     183 |  46.8 |      56 |      18 |  24.3
            +---------+---------+-------+---------+---------+-------
        D:1 |      29 |       0 |   0.0 |      20 |       0 |   0.0
        D:2 |      60 |       0 |   0.0 |      16 |       0 |   0.0
        D:3 |     119 |     183 |  60.6 |      20 |      18 |  47.4
            +---------+---------+-------+---------+---------+-------
